 Dungeon Crawl Stone Soup version 0.25-a0-346-g140ab784a8 (webtiles) character file.

Game seed: 6192109500184946168, levelgen mode: deterministic

5420 night the Fighter (level 10, -3/66 HPs)
             Began as a Gargoyle Venom Mage on Dec 31, 2019.
             Was a Believer of Kikubaaqudgha.
             Slain by a skeletal warrior
             ... wielding a +0 dire flail
              (20 damage)
             ... on level 8 of the Dungeon.
             The game lasted 00:40:45 (10127 turns).

night the Fighter (Gargoyle Venom Mage)            Turns: 10127, Time: 00:40:46

Health: -3/66      AC: 13    Str: 11    XL:     10   Next: 67%
Magic:  20/29      EV: 17    Int: 20    God:    Kikubaaqudgha [**....]
Gold:   740        SH:  4    Dex: 10    Spells: 7/23 levels left

rFire    + . .     SeeInvis .   b - +2 dagger (holy)
rCold    + . .     Gourm    .   (no shield)
rNeg     + . .     Faith    .   j - +2 robe {rC+ rF+} rPois āˆž Spirit .
                                u - +0 helmet
rElec    +         Reflect  +   f - +0 cloak
rCorr    .         Harm     .   (no gloves)
MR       .....                  (no boots)
Stlth    ++........             n - +4 amulet of reflection
HPRegen  0.21/turn              m - ring of magical power
MPRegen  0.21/turn              I - +5 ring of evasion

@: no status effects
A: negative energy resistance 1, electricity resistance, unbreathing,
petrification resistance, rot immunity, AC +7
a: Receive Corpses, Renounce Religion


You were on level 8 of the Dungeon.
You worshipped Kikubaaqudgha.
Kikubaaqudgha was pleased with you.
You were hungry.

You visited 2 branches of the dungeon, and saw 10 of its levels.
You also visited: Ossuary.

You collected 740 gold pieces.

Inventory:

Hand Weapons
 a - a +2 dagger of draining
 b - a +2 dagger of holy wrath (weapon)
 s - a +0 scimitar
 E - a +2 shortbow of freezing
 Q - a +3 trident of venom
 S - the +10 flail of Slime {flame, +Blink rPois rN+ Dex+3}
   (You found it on level 8 of the Dungeon)

   It has been specially enchanted to burn those struck by it, causing extra
   injury to most foes and up to half again as much damage against particularly
   susceptible opponents.
   It affects your dexterity (+3).
   It protects you from poison.
   It protects you from negative energy.
   It lets you blink.
Missiles
 l - 209 stones (quivered)
 o - 27 bolts
 t - 178 arrows
 x - 6 atropa-tipped darts
 z - 15 poisoned darts
 K - 3 javelins
 O - 3 throwing nets
Armour
 f - a +0 cloak (worn)
 j - a +2 robe of resistance (worn)
 u - a +0 helmet (worn)
 L - a +1 scale mail of cold resistance
 V - a +0 shield of protection
Jewellery
 h - an uncursed ring of resist corrosion
 m - a ring of magical power (left hand)
 n - a +4 amulet of reflection (around neck)
 y - the cursed ring of the Tormentor {rC++ MR+ Str-4}
   (You took it off Robin on level 4 of the Dungeon)

   [ring of strength]

   It affects your strength (-4).
   It greatly protects you from cold.
   It affects your resistance to hostile enchantments.
   It has a curse placed upon it.
 G - an uncursed ring of fire
 I - a +5 ring of evasion (right hand)
 J - an uncursed ring of protection from cold
Wands
 A - a wand of random effects (21)
 C - a wand of polymorph (2)
 H - a wand of iceblast (11)
 T - a wand of paralysis (13)
 U - a wand of acid (4)
Scrolls
 e - 3 scrolls of amnesia
 k - a scroll of enchant weapon
 p - 3 scrolls of teleportation
 v - a scroll of blinking
 D - a scroll of fear
 F - 2 scrolls of remove curse
 M - 2 scrolls of enchant armour
 Z - 2 scrolls of fog
Potions
 d - 2 potions of degeneration
 g - 3 potions of flight
 i - 4 potions of brilliance
 q - a potion of berserk rage
 r - a potion of magic
 B - 2 potions of agility
 N - 4 potions of curing
 P - 2 potions of lignification
Miscellaneous
 w - a lamp of fire
Comestibles
 c - 13 rations


   Skills:
 - Level 9.4 Fighting
 - Level 1.9 Short Blades
 - Level 3.2 Maces & Flails
 - Level 1.5 Dodging
 - Level 2.1 Stealth
 + Level 4.4 Shields
 - Level 7.1 Spellcasting
 - Level 3.3 Necromancy
 - Level 0.7 Transmutations
 - Level 8.2 Poison Magic


You had 7 spell levels left.
You knew the following spells:

 Your Spells              Type           Power        Failure   Level  Hunger
a - Sting                 Tmut/Pois      ####         1%          1    None
b - Poisonous Vapours     Pois/Air       ###...       2%          2    None
c - Mephitic Cloud        Conj/Pois/Air  ###.....     9%          3    #......
d - Olgreb's Toxic Radia  Pois           #####...     3%          4    ###....
e - Ignite Poison         Fire/Tmut/Pois ###.....     9%          3    #......
f - Regeneration          Chrm/Necr      ##........   14%         3    #......

Your spell library contained the following spells:

 Spells                   Type           Power        Failure   Level  Hunger
 Animate Skeleton         Necr           N/A          2%          1    None
 Pain                     Necr           ###.         2%          1    None
 Corpse Rot               Necr/Air       N/A          7%          2    None
 Confusing Touch          Hex            #.....       10%         1    None
 Magic Dart               Conj           #...         10%         1    None
 Blink                    Tloc           N/A          14%         2    None
 Call Imp                 Summ           #.......     14%         2    None
 Slow                     Hex            #.......     14%         2    None
 Confuse                  Hex            #.......     28%         3    #......
 Conjure Flame            Conj/Fire      #.......     28%         3    #......
 Gell's Gravitas          Tloc           #.........   28%         3    #......
 Petrify                  Tmut/Erth      #.......     63%         4    ###....
 Irradiate                Conj/Tmut      #.........   92%         5    #####..
 Yara's Violent Unravell  Hex/Tmut       #.........   92%         5    #####..
 Metabolic Englaciation   Hex/Ice        #.........   95%         5    #####..
 Hydra Form               Tmut           ##........   100%        6    ######.
 Dragon Form              Tmut           ##........   100%        7    #######
 Statue Form              Tmut/Erth      Unusable     N/A         6    N/A

Dungeon Overview and Level Annotations

Branches:
Dungeon (9/15)             Temple (1/1) D:5         Ossuary (visited)
   Lair: D:8-11         Orc: D:9-12

Altars:
Ashenzari
Cheibriados
Elyvilon
Fedhas
Hepliaklqana
Kikubaaqudgha
Makhleb
Nemelex Xobeh
Okawaru
Qazlal
Ru
Trog
Uskayaw
Vehumet
Wu Jian
Xom
Yredelemnul
The Shining One


Innate Abilities, Weirdness & Mutations

You are resistant to torment.
Your stone body is resilient. (AC +7)
You are immune to poison.
You resist negative energy. (rN+)
You are resistant to electric shocks. (rElec)
You can survive without breathing.
You are immune to petrification.
You are immune to rotting.


Message History

There is a stone staircase leading up here.
The skeletal warrior hits you with a +0 dire flail!
* * * LOW HITPOINT WARNING * * *
You climb upwards.
There is a stone staircase leading down here.
Casting: Mephitic Cloud (safe; 9% risk of failure)
Confirm with . or Enter, or press ? or * to list all spells.
Aiming: Mephitic Cloud (safe; 9% risk of failure)
Press: ? - help, Shift-Dir - straight line, f - skeletal warrior
Aim: a skeletal warrior, wielding a +0 dire flail and wearing a +0 ring mail (heavily damaged)
The ball explodes into a vile cloud!
The stinking cloud engulfs the skeletal warrior but does no damage.
The skeletal warrior is heavily damaged.
The skeletal warrior misses you.
Casting: Mephitic Cloud (safe; 9% risk of failure)
Confirm with . or Enter, or press ? or * to list all spells.
You ignite the poison in your surroundings!
The skeletal warrior hits you with a +0 dire flail!!
You die...
Kikubaaqudgha rasps: "You have failed me!
Welcome... oblivion!"

..........#.# #.#.....##...
##.#.#.####.##### ##........#...
................# #.............
.###....#######.# #.........##..
.# ###..# #.# #.##.....####.
.###.#..# ##.## #.###...## #.
.##.....######...###.####.## #.
.#.............#.......##.######.
.##.....######..@###.#.##........
.#.#.#..# ###.zā—‹...#.#########.
..###...# ##....>...#.......<...
.## ##..####...##################
..###...........#
...#....####...## ##..###.# ##.##
#..# #.# ### #..# #.#


You could see a skeletal warrior.

Vanquished Creatures
  A tengu warrior (D:8)
  2 ugly things (D:8)
  A troll (D:8)
  A hippogriff (D:7)
  Sigmund (D:4)
  Eustachio (D:4)
  Edmund (D:6)
  A hornet zombie (D:9)
  An orc warrior (D:7)
  2 sky beasts
  2 ice beasts
  2 black bears
  An eye of draining (D:8)
  2 phantoms
  2 centaurs
  6 ogres
  6 bullfrogs
  A big kobold (D:9)
  A gnoll sergeant (D:8)
  A water moccasin zombie (D:5)
  A scorpion (D:4)
  A killer bee (D:9)
  2 crimson imps
  A bullfrog zombie (D:7)
  2 jellies
  A hound (D:6)
  An orc priest (D:8)
  7 orc wizards
  A bullfrog skeleton (D:4)
  4 iguanas (D:7)
  Jessica (D:2)
  3 worker ants
  A killer bee zombie (D:5)
  2 hound zombies
  3 hound skeletons
  8 mummies (Ossuary)
  3 worker ant zombies
  Robin (D:4)
  3 gnolls (D:8)
  A howler monkey skeleton (D:5)
  16 adders
  A shadow imp (D:6)
  An ooze (D:1)
  An adder zombie (D:7)
  An adder skeleton (D:4)
  4 worms
  A dart slug (D:2)
  2 leopard geckos
  12 orcs
  11 bats
  5 giant cockroaches
  9 hobgoblins
  2 kobolds
  4 quokkas
  3 ball pythons
  5 frilled lizards
  3 gnoll zombies (Ossuary)
  15 goblins
  2 hobgoblin zombies (Ossuary)
  A jackal skeleton (D:4)
  A kobold zombie (Ossuary)
  2 orc zombies (Ossuary)
  5 rats
190 creatures vanquished.

Notes
Turn   | Place    | Note
-------+----------+-------------------------------------------
     0 | D:1      | night the Gargoyle Venom Mage began the quest for the Orb.
     0 | D:1      | Reached XP level 1. HP: 10/10 MP: 3/3
   229 | D:1      | Reached XP level 2. HP: 12/16 MP: 5/5
   390 | D:1      | Reached skill level 1 in Fighting
   406 | D:1      | Learned a level 2 spell: Poisonous Vapours
   754 | D:2      | Reached XP level 3. HP: 20/20 MP: 6/6
  1089 | D:2      | Learned a level 3 spell: Mephitic Cloud
  1161 | D:2      | Reached skill level 2 in Fighting
  1161 | D:2      | Reached XP level 4. HP: 26/26 MP: 8/8
  1321 | D:2      | Found a sacrificial altar of Ru.
  1388 | D:2      | Became a worshipper of Ru the Awakened
  1541 | D:2      | Noticed Jessica
  1544 | D:2      | Killed Jessica
  1544 | D:2      | Reached XP level 5. HP: 28/31 MP: 6/9
  2038 | D:2      | Found a hazy altar of Hepliaklqana.
  2040 | D:2      | Found a blossoming altar of Fedhas.
  2245 | D:3      | Learned a level 3 spell: Ignite Poison
  2385 | D:3      | Reached skill level 3 in Fighting
  3140 | D:4      | Reached XP level 6. HP: 37/37 MP: 11/11
  3458 | D:4      | Identified the cursed ring of the Tormentor {rC++ MR+
                  | Str-4}
  3458 | D:4      | Noticed Robin
  3495 | D:4      | Killed Robin
  3542 | D:4      | Reached skill level 4 in Fighting
  3542 | D:4      | Reached skill level 5 in Poison Magic
  3550 | D:4      | Learned a level 4 spell: Olgreb's Toxic Radiance
  3763 | D:4      | Noticed Sigmund
  3779 | D:4      | Killed Sigmund
  3779 | D:4      | Reached XP level 7. HP: 43/44 MP: 13/13
  3872 | D:4      | Noticed Eustachio
  3884 | D:4      | Killed Eustachio
  4064 | D:5      | Entered Level 5 of the Dungeon
  4098 | D:5      | Reached skill level 5 in Fighting
  4120 | D:5      | Found a staircase to the Ecumenical Temple.
  4131 | Temple   | Entered the Ecumenical Temple
  4178 | Temple   | Fell from the grace of Ru
  4178 | Temple   | Became a worshipper of Kikubaaqudgha
  4230 | D:5      | Reached XP level 8. HP: 10/49 MP: 13/15
  4233 | D:5      | Reached skill level 5 in Spellcasting
  5188 | D:6      | Reached skill level 6 in Fighting
  5197 | D:6      | Noticed Edmund
  5223 | D:6      | Killed Edmund
  5577 | D:6      | Reached XP level 9. HP: 56/56 MP: 17/18
  5673 | D:6      | Reached skill level 7 in Fighting
  5865 | D:7      | Found a sand-covered staircase.
  5876 | Ossuary  | Entered an ossuary
  6016 | Ossuary  | Reached * piety under Kikubaaqudgha
  6016 | Ossuary  | Identified Kikubaaqudgha's Collected Works on Sinister
                  | Rites (Kikubaaqudgha gifted it to you in an ossuary)
  6016 | Ossuary  | Received a gift from Kikubaaqudgha
  6025 | Ossuary  | Learned a level 3 spell: Regeneration
  7178 | D:7      | Reached skill level 8 in Fighting
  7830 | D:8      | Reached skill level 1 in Short Blades
  7849 | D:8      | Reached skill level 1 in Necromancy
  7932 | D:8      | Reached ** piety under Kikubaaqudgha
  8502 | D:8      | Got a jewelled flail
  8503 | D:8      | Identified the +10 flail of Slime {flame, +Blink rPois rN+
                  | Dex+3} (You found it on level 8 of the Dungeon)
  8814 | D:9      | Reached XP level 10. HP: 65/65 MP: 18/20
  8814 | D:9      | Reached skill level 1 in Maces & Flails
  8932 | D:9      | Noticed a tengu warrior
  8936 | D:9      | Noticed a cyan ugly thing
  8940 | D:9      | Noticed a red ugly thing
  9025 | D:8      | Killed a tengu warrior
  9025 | D:8      | Reached skill level 9 in Fighting
  9031 | D:8      | Killed a cyan ugly thing
  9228 | D:9      | Identified the cursed ring of Giaruho {AC-3 Dex+6}
  9246 | D:8      | Killed a white ugly thing
  9813 | D:9      | Noticed a skeletal warrior
 10072 | D:9      | Noticed a skeletal warrior
 10127 | D:8      | Slain by a skeletal warrior

Levels and vault maps discovered:
D:1:      tarquinn_simple_flora_water_a, layout_rooms, serial_forest,
          infiniplex_forest_clump_tiny, infiniplex_forest_clump_small,
          infiniplex_forest_lined_3, infiniplex_forest_straight_2,
          infiniplex_forest_lined_2, infiniplex_forest_clump_C,
          infiniplex_forest_side_room, infiniplex_forest_corner_2,
          infiniplex_forest_clump_curved, ebering_dispersal_statue_hall
D:2:      layout_basic, nicolae_overflow_hidden_temple, old_standard_altar,
          first_ration, uniq_jessica
D:3:      layout_basic
D:4:      layout_loops_ring, uniq_robin, uniq_eustachio, uniq_sigmund
D:5:      layout_basic, minmay_temple_entry_mist, bh_walls_and_bars
D:6:      minmay_flawed_box, layout_gridville, uniq_edmund
D:7:      layout_basic, chequers_ossuary_entry_cave, chequers_jeans,
          grunt_ogre_cave
D:8:      layout_loops_ring, minmay_misc_feat_pillars, minmay_liquid_box
D:9:      minmay_the_grid_square_5x5_4x4 [minmay_the_grid_square_5x5_shuriken,
          minmay_the_grid_square_5x5_intrusive_squares,
          minmay_the_grid_square_5x5_meh, minmay_the_grid_square_5x5_z,
          minmay_the_grid_square_5x5_one_wall,
          minmay_the_grid_square_5x5_prize_deathbox,
          minmay_the_grid_square_5x5_prize_itemx,
          minmay_the_grid_square_5x5_two, minmay_the_grid_square_5x5_bite,
          minmay_the_grid_square_5x5_prize_pseudospiral,
          minmay_the_grid_square_5x5_prize_snowflake,
          minmay_the_grid_square_5x5_forky, minmay_the_grid_square_5x5_minimal,
          minmay_the_grid_square_5x5_inverted_slash,
          minmay_the_grid_square_5x5_three_small,
          minmay_the_grid_square_5x5_two_small], layout_rooms,
          grunt_temple_overflow_gold_and_silver, minmay_diamond_spiral
Temple:   eino_wide_crystal_templ

Skill      XL: |  1  2  3  4  5  6  7  8  9 10 |
---------------+-------------------------------+-----
Fighting       | 1 2 3 4 5 6 8 9 |  9.4
Spellcasting   | 3 4 6 7 |  7.1
Poison Magic   | 4 5 7 8 |  8.2
Short Blades   | 1 |  1.9
Necromancy     | 1 3 |  3.3
Maces & Flails | 3 |  3.2
Shields        | 4 |  4.4
Dodging        | |  1.5
Stealth        | |  2.1
Transmutations | |  0.7

Action                   |  1- 3 |  4- 6 |  7- 9 | 10-12 || total
-------------------------+-------+-------+-------+-------++-------
Melee: Unarmed           |     6 |       |       |       ||     6
       Dagger            |     5 |    97 |   274 |    60 ||   436
       Flail             |       |       |       |    16 ||    16
 Fire: Shortbow          |       |       |    13 |     3 ||    16
 Cast: Sting             |    34 |    38 |    59 |    15 ||   146
       Poisonous Vapours |    16 |    55 |    54 |    14 ||   139
       Mephitic Cloud    |       |     3 |    14 |    10 ||    27
       Olgreb's Toxic Ra |       |       |    13 |     2 ||    15
       Ignite Poison     |       |       |     8 |     6 ||    14
       Regeneration      |       |       |     1 |       ||     1
Invok: Reject Sacrifices |       |     1 |       |       ||     1
 Abil: Evoke Blink       |       |       |       |     1 ||     1
  Use: Scroll            |       |     6 |    12 |     2 ||    20
       Potion            |       |       |     8 |       ||     8
 Stab: Sleeping          |       |     1 |     1 |       ||     2
       Confused          |       |       |       |     1 ||     1
  Eat: Chunk             |     2 |    11 |    14 |     2 ||    29
       Ration            |       |       |     1 |     1 ||     2
Armor: Robe              |     6 |    40 |   121 |    37 ||   204
Dodge: Dodged            |    19 |    50 |   192 |    57 ||   318
Block: Other             |       |       |    33 |    24 ||    57
       Reflection        |       |       |       |     2 ||     2

Table legend:
 A = Non-vault XP
 B = Vault XP
 C = Vault XP percentage of total XP
 D = Non-vault monster count
 E = Vault monster count
 F = Vault count percentage of total count
                 A         B        C        D         E       F
            +---------+---------+-------+---------+---------+-------
      Total |    3778 |    3965 |  51.2 |     137 |      53 |  27.9
            +---------+---------+-------+---------+---------+-------
        D:1 |      37 |       0 |   0.0 |      18 |       0 |   0.0
        D:2 |     138 |      37 |  21.1 |      29 |       1 |   3.3
        D:3 |      66 |       0 |   0.0 |      17 |       0 |   0.0
        D:4 |     313 |     431 |  57.9 |       9 |      14 |  60.9
        D:5 |     662 |       0 |   0.0 |      14 |       0 |   0.0
        D:6 |     622 |     354 |  36.3 |      11 |       6 |  35.3
        D:7 |    1148 |     113 |   9.0 |      23 |       1 |   4.2
        D:8 |     554 |    2072 |  78.9 |      14 |       5 |  26.3
        D:9 |     238 |     805 |  77.2 |       2 |      10 |  83.3
    Ossuary |       0 |     153 | 100.0 |       0 |      16 | 100.0
            +---------+---------+-------+---------+---------+-------
